 Dungeon Crawl Stone Soup version 0.26-a0-649-gf8c6c3aab7 (webtiles) character file.

Game seed: 8357719556093572826

49 Peloso the Covered (level 3, 30/30 HPs)
             Began as a Barachi Fighter on Sept 26, 2020.
             Got out of the dungeon alive.
             The game lasted 00:04:04 (1243 turns).

Peloso the Covered (Barachi Fighter)                Turns: 1243, Time: 00:04:05

Health: 30/30      AC:  9    Str: 18    XL:     3   Next: 75%
Magic:  3/3        EV:  5    Int:  8    God:
Gold:   101        SH:  9    Dex: 11    Spells: 2/2 levels left

rFire    . . .     SeeInvis .   a - +0 long sword
rCold    + . .     Faith    .   c - +0 kite shield
rNeg     + . .     Spirit   .   f - +0 chain mail
rPois    .         Reflect  .   (no helmet)
rElec    .         Harm     .   (no cloak)
rCorr    .         Rampage  .   (no gloves)
MR       .....                  (no boots)
Stlth    ..........             (no amulet)
HPRegen  0.10/turn              j - ring of protection from cold
MPRegen  0.08/turn              m - ring of positive energy

@: can't hop, slow
A: +LOS, swims, slowness 1, strong legs 1
a: Hop


You escaped.
You visited 1 branch of the dungeon, and saw 2 of its levels.

You collected 101 gold pieces.

Inventory:

Hand Weapons
 a - a +0 long sword (weapon)
Armour
 b - a +0 scale mail
 c - a +0 kite shield (worn)
 f - a +0 chain mail (worn)
Jewellery
 j - a ring of protection from cold (left hand)
 m - a ring of positive energy (right hand)
Scrolls
 e - a scroll of identify {unknown}
 k - a scroll of teleportation {unknown}
 l - a scroll of remove curse {unknown}
Potions
 d - a potion of might
 g - a potion of curing {unknown}
 h - a potion of berserk rage {unknown}
 i - 2 potions of stabbing {unknown}


   Skills:
 + Level 4.1 Fighting
 + Level 3.0 Long Blades
 + Level 4.3 Armour
 + Level 3.7 Shields


You had 2 spell levels left.
You didn't know any spells.
Your spell library was empty.

Dungeon Overview and Level Annotations

Branches:
Dungeon (2/15)

Altars:


Innate Abilities, Weirdness & Mutations

You can be seen from farther away. (+LOS)
You can swim through water.
You cover ground slowly.
You can hop short distances.


Message History

There is a stone staircase leading down here.
You climb downwards.
Found a hunting sling and a scroll labeled YBYDGH UJISS.
There is a stone staircase leading up here.
Sorry, I don't know how to get there.
Press: ? - help, Dir - move target cursor Boing!
Unknown command.
(D) Dungeon
Where to? (Enter - D:12, ? - help)
What level of the Dungeon? (default 1, ? - help)
There is a stone staircase leading up here.
You climb upwards.
There is a stone staircase leading down here.
There is an open door here.
There is a dry fountain here.
There is an open door here.
There is a staircase leading out of the dungeon here.
Are you sure you want to leave the Dungeon?
This will make you lose the game!
You have escaped!

..####.##..##.#####.#.###.#####..
...............................>.
.######.#..#..###.#.#.##..#######
.######.#..#..###.#.#.##..#######
...........#......#[#.##.........
....................#.##.########
###..#......#########............
............# #...# ####........#
###......#..# #.@.# #..#####.#
#......#### #...# #...####.#
#......# ###'### #.........
#......#####.....#####...#.....
#......#...#.....#...#...##.#.#
#......#.8.+..⌠..+.8.#....)###.
####.#.#.#...#.....#...#...##.#.#
.....#.#.#####.....#####...#.)...
######.#.....#+###'#.............


There were no monsters in sight!

Vanquished Creatures
  2 oozes (D:1)
  A dart slug (D:1)
  2 leopard geckos (D:1)
  2 giant cockroaches (D:1)
  4 goblins (D:1)
  6 hobgoblins (D:1)
  4 bats (D:1)
  2 frilled lizards (D:1)
  6 kobolds (D:1)
  5 rats (D:1)
34 creatures vanquished.

Notes
Turn   | Place    | Note
-------+----------+-------------------------------------------
     0 | D:1      | Peloso the Barachi Fighter began the quest for the Orb.
     0 | D:1      | Reached XP level 1. HP: 18/18 MP: 1/1
    80 | D:1      | Reached XP level 2. HP: 25/25 MP: 2/2
   466 | D:1      | Reached XP level 3. HP: 27/30 MP: 3/3
  1243 | D:$      | Got out of the dungeon alive.

Illustrated notes

Levels and vault maps discovered:
D:1:      minmay_arrival_stair_chambers, layout_basic, minmay_tall_x
D:2:      layout_rooms, uniq_natasha

Skill      XL: |  1  2  3 |
---------------+----------+-----
Armour         | 4 |  4.3
Fighting       | 4 |  4.1
Long Blades    | 3 |  3.0
Shields        | |  3.7

Action                   || total
-------------------------++-------
Melee: Long sword        ||   106
 Abil: Hop               ||     2
Armor: Scale mail        ||    19
       Chain mail        ||    71
Dodge: Dodged            ||    29
Block: Kite shield       ||    74
       Rpst.: Long sword ||    11

Table legend: (Time is in decaauts)
 A = Elapsed time spent in this place.
 B = Non-inter-level travel time spent in this place.
 C = Inter-level travel time spent in this place.
 D = Time resting spent in this place.
 E = Time spent auto-exploring this place.
 F = Levels seen in this place.
 G = Mean time per level.
                   A        B        C        D        E       F      G
               +--------+--------+--------+--------+--------+-----+--------+
         Total |   1459 |   1394 |     65 |      0 |   1030 |   2 |  729.5 |
       Dungeon |   1459 |   1394 |     65 |      0 |   1030 |   2 |  729.5 |
               +--------+--------+--------+--------+--------+-----+--------+

Top non-repeatable levels by time:
     D:1: 1451 daAuts
     D:2: 7 daAuts
